 Dungeon Crawl Stone Soup version 0.20.1-1-g8b1a95d (webtiles) character file.

109 gungr the Insei (level 4, -1/28 HPs)
             Began as an Octopode Transmuter on Oct 29, 2017.
             Slain by ThereIsNoGod's ghost (6 damage)
             ... on level 3 of the Dungeon.
             The game lasted 00:04:44 (3137 turns).

gungr the Insei (Octopode Transmuter)               Turns: 3137, Time: 00:04:47

Health: -1/28      AC:  1    Str: 13 (14) XL:     4   Next: 90%
Magic:  7/7        EV: 13    Int: 15 (16) God:
Gold:   210        SH:  0    Dex: 11 (12) Spells: 1/7 levels left

rFire    . . .     SeeInvis +     - Unarmed
rCold    . . .     Gourm    .   (no shield)
rNeg     . . .     Faith    .   (helmet restricted)
rPois    .         Spirit   .   (no amulet)
rElec    .         Reflect  .   n - +5 ring of strength
rCorr    .         Harm     .   f - ring of see invisible
MR       .....                  (no ring)
Stlth    ++........             (no ring)
Regen    0.1/turn               (no ring)
MPRegen  0.1/turn               (no ring)
                                (no ring)
                                (no ring)

@: confused
A: almost no armour, stealthy swim, amphibious, 8 rings, constrict 8, camouflage
1, gelatinous body 1
a: no special abilities


You were on level 3 of the Dungeon.
You were not hungry.

You visited 1 branch of the dungeon, and saw 3 of its levels.

You collected 210 gold pieces.

Inventory:

Missiles
 a - 18 arrows
Jewellery
 f - a ring of see invisible (right tentacle)
 n - a +5 ring of strength (left tentacle)
Scrolls
 g - a scroll of teleportation {unknown}
 h - 2 scrolls of amnesia {unknown}
 i - 4 scrolls of fear {unknown}
 j - 2 scrolls of identify {unknown}
 m - 2 scrolls of remove curse {unknown}
 o - a scroll of blinking {unknown}
 p - a scroll of magic mapping {unknown}
 q - a scroll of recharging {unknown}
Potions
 e - a potion of degeneration
 l - a potion of haste {unknown}
 r - a potion of curing {unknown}
Books
 b - a book of Changes

   Spells                             Type                      Level
   a - Beastly Appendage              Transmutation                1
   b - Sticks to Snakes               Transmutation                2
   c - Spider Form                    Transmutation/Poison         3
   d - Ice Form                       Ice/Transmutation            4
   e - Blade Hands                    Transmutation                5
Comestibles
 d - a meat ration
 k - 2 royal jellies


   Skills:
 - Level 1.0 Fighting
 - Level 2.0 Dodging
 - Level 5.0 Unarmed Combat
 - Level 2.0 Spellcasting
 + Level 2.8 Transmutations


You had one spell level left.
You knew the following spells:

 Your Spells              Type           Power        Failure   Level  Hunger
a - Beastly Appendage     Tmut           #.....       7%          1    #......
b - Sticks to Snakes      Tmut           #.......     11%         2    ###....
c - Spider Form           Tmut/Pois      #.........   36%         3    ###....


Dungeon Overview and Level Annotations

Branches:
Dungeon (3/15)

Altars:

Annotations:
D:3 ThereIsNoGod's ghost, weakling TrFi


Innate Abilities, Weirdness & Mutations

You cannot wear most types of armour.
You are very stealthy in the water. (Stealth+)
You are amphibious.
You can wear up to eight rings at the same time.
You can use your tentacles to constrict eight enemies at once.
Your skin changes colour to match your surroundings (Stealth+).
Your rubbery body absorbs attacks. (AC +1, EV +1)


Message History

Your ball python bites ThereIsNoGod's ghost but does no damage.
Your adder bites ThereIsNoGod's ghost.
Your ball python barely misses ThereIsNoGod's ghost.
Your transformation is almost over.
Your ball python bites ThereIsNoGod's ghost but does no damage.
ThereIsNoGod's ghost hits you.
* * * LOW HITPOINT WARNING * * *
Your ball python bites ThereIsNoGod's ghost.
It was a potion of degeneration.
There was something very wrong with that liquid.
You feel weakened.
You feel dopey.
You feel clumsy.
Your ball python closely misses ThereIsNoGod's ghost.
ThereIsNoGod's ghost closely misses you.
It was a potion of ambrosia.
You are confused.
You feel invigorated.
Your tentacle spike disappears.
Your ball python barely misses ThereIsNoGod's ghost.
ThereIsNoGod's ghost hits you.
You die...

..........##...........)..####
..÷........'..............'.>#
......[...##..............##.#
..###.....##...#####'#######.#
.####÷#.).##...# #.# #.#
...##.#...##...# #.# #.#
..<##.##..##########'#### #.#
...##........SSW........# #.#
#####.###.[#####@.......# #.#
#.# ##'#####........# #.# #+#
#...............# #.#
##..............# #.#
#..............# #.#
#......#+##+#######.# .
#......#.##.#.......# .#
####......#.##.#.#######
..........#.##.#.#


You could see ThereIsNoGod's ghost, a friendly adder and a friendly ball python.

Vanquished Creatures
  4 adders
  3 worms
  2 dart slugs
  A leopard gecko (D:3)
  2 ball pythons (D:3)
  7 bats
  2 giant cockroaches
  3 goblins
  10 hobgoblins
  9 jackals
  8 kobolds
  6 frilled lizards
  3 rats (D:2)
  A fungus (D:1)
61 creatures vanquished.

Notes
Turn   | Place    | Note
-------+----------+-------------------------------------------
     0 | D:1      | gungr the Octopode Transmuter began the quest for the Orb.
     0 | D:1      | Reached XP level 1. HP: 13/13 MP: 3/3
   226 | D:1      | Reached XP level 2. HP: 9/18 MP: 5/5
   765 | D:1      | Reached skill level 4 in Unarmed Combat
   900 | D:1      | Reached XP level 3. HP: 12/23 MP: 6/6
  1309 | D:2      | Learned a level 2 spell: Sticks to Snakes
  1313 | D:2      | Learned a level 3 spell: Spider Form
  1929 | D:2      | Reached XP level 4. HP: 25/28 MP: 7/7
  2265 | D:2      | Reached skill level 5 in Unarmed Combat
  3116 | D:3      | Noticed ThereIsNoGod's ghost (weakling TrFi)
  3125 | D:3      | HP: 1/28 [ThereIsNoGod's ghost (16)]
  3135 | D:3      | HP: 1/28 [ThereIsNoGod's ghost (1)]
  3137 | D:3      | Slain by ThereIsNoGod's ghost

Skill      XL: |  1  2  3  4 |
---------------+-------------+-----
Unarmed Combat | 4 5 |  5.0
Fighting       | |  1.0
Dodging        | |  2.0
Spellcasting   | |  2.0
Transmutations | |  2.8

Action                   |  1- 3 |  4- 6 || total
-------------------------+-------+-------++-------
Melee: Unarmed           |    97 |    53 ||   150
       Tentacles         |    27 |     8 ||    35
       Constrict         |    23 |    10 ||    33
       Punch             |     2 |       ||     2
       Kick              |       |     5 ||     5
 Cast: Beastly Appendage |       |     4 ||     4
       Sticks to Snakes  |       |     3 ||     3
  Use: Potion            |       |     2 ||     2
 Stab: Sleeping          |     4 |     3 ||     7
       Distracted        |     1 |       ||     1
  Eat: Bread ration      |     1 |       ||     1
       Meat ration       |       |     1 ||     1
Armor: Skin              |     8 |     1 ||     9
Dodge: Dodged            |    43 |    16 ||    59
